 Dungeon Crawl Stone Soup version 0.29.1-15-g9cfb28693d (webtiles) character file.

Game seed: 10100569586293128361

68 KreenWarrior the Conjurer (level 4, -8/21 HPs)
             Began as a Deep Elf Conjurer on Mar 29, 2023.
             Was a Follower of Hepliaklqana.
             Mangled by an iguana (12 damage)
             ... on level 3 of the Dungeon.
             The game lasted 00:09:13 (3170 turns).

KreenWarrior the Conjurer (Deep Elf Conjurer)       Turns: 3170, Time: 00:09:13

Health: -8/21      AC:  2    Str:  4    XL:     4   Next: 1%
Magic:  2/11       EV: 12    Int: 31    God:    Hepliaklqana [*.....]
Gold:   83         SH:  0    Dex: 13    Spells: 2/10 levels left

rFire   . . .      SeeInvis .   e - +0 short sword
rCold   . . .      Faith    .   (no shield)
rNeg    . . .      Spirit   .   a - +0 robe
rPois   .          Reflect  .   (no helmet)
rElec   .          Harm     .   (no cloak)
rCorr   +          Rampage  .   (no gloves)
Will    .....                   (no boots)
Stlth   ++........              (no amulet)
HPRegen 0.07/turn               g - ring of resist corrosion
MPRegen 0.12/turn               n - +6 ring of intelligence

@: no status effects
A: reduced essence
a: Renounce Religion, Recall Ancestor, Ancestor Identity


You were on level 3 of the Dungeon.
You worshipped Hepliaklqana.
Hepliaklqana was aware of your devotion.
You visited 1 branch of the dungeon, and saw 3 of its levels.

You collected 83 gold pieces.

Inventory:

Hand Weapons
 e - a +0 short sword (weapon)
 f - a +0 triple crossbow
Armour
 a - a +0 robe (worn)
Jewellery
 g - a ring of resist corrosion (left hand)
 n - a +6 ring of intelligence (right hand)
Scrolls
 c - 2 scrolls of enchant weapon {unknown}
 j - 3 scrolls of identify {unknown}
 l - 2 scrolls of teleportation
 m - a scroll of enchant armour {unknown}
 o - a scroll of blinking {unknown}
Potions
 b - a potion of magic
 d - a potion of brilliance {unknown}
 h - a potion of haste {unknown}
 i - a potion of flight {unknown}
 k - 2 potions of curing {unknown}
 p - a potion of invisibility {unknown}


   Skills:
 + Level 0.1 Fighting
 + Level 0.7 Short Blades
 + Level 2.5 Dodging
 + Level 2.7 Stealth
 * Level 3.9 Spellcasting
 + Level 5.3 Conjurations
 * Level 0.5 Summonings


You had 2 spell levels left.
You knew the following spells:

 Your Spells              Type           Power      Damage    Failure   Level
a - Magic Dart            Conj           100%       1d8       1%          1
b - Summon Guardian Gole  Hex/Summ       7%         N/A       16%         3
c - Iskenderun's Mystic   Conj/Tloc      22%        2d6       21%         4

Your spell library contained the following spells:

 Spells                   Type           Power      Damage    Failure   Level
 Searing Ray              Conj           78%        2d7       1%          2
 Dazzling Flash           Conj/Hex       44%        N/A       6%          3
 Fulminant Prism          Conj/Hex       11%        3d9       21%         4
 Orb of Destruction       Conj           19%        9d8       99%         7
 Spellforged Servitor     Conj/Summ      12%        N/A       100%        7


Dungeon Overview and Level Annotations

Branches:
Dungeon (3/15)

Altars:
Hepliaklqana


Message History

You erupt in a blast of force!
The mystic blast hits the iguana but does no damage.
Thabo avoids your attack.
Casting: Iskenderun's Mystic Blast (astonishingly dangerous; 21% risk of failure)
Confirm with . or Enter, or press ? or * to list all spells.
Aiming: Magic Dart (safe; 1% risk of failure)
Press: ? - help, Shift-Dir - straight line, f/p - iguana
Aim: an iguana (ally target, 100% to hit)
The magic dart hits the iguana.
The iguana is lightly wounded.
The iguana barely misses you.
Casting: Magic Dart (safe; 1% risk of failure)
Confirm with . or Enter, or press ? or * to list all spells.
Aiming: Magic Dart (safe; 1% risk of failure)
Press: ? - help, Shift-Dir - straight line, f/p - iguana
Aim: an iguana (lightly wounded, ally target, 100% to hit)
The magic dart hits the iguana but does no damage.
The iguana is lightly wounded.
The iguana bites you.
Casting: Magic Dart (safe; 1% risk of failure)
Confirm with . or Enter, or press ? or * to list all spells.
Aiming: Magic Dart (safe; 1% risk of failure)
Press: ? - help, Shift-Dir - straight line, f/p - iguana
Aim: an iguana (lightly wounded, ally target, 100% to hit)
The magic dart hits the iguana but does no damage.
The iguana is lightly wounded.
The iguana bites you but does no damage.
Casting: Magic Dart (safe; 1% risk of failure)
Confirm with . or Enter, or press ? or * to list all spells.
Aiming: Magic Dart (safe; 1% risk of failure)
Press: ? - help, Shift-Dir - straight line, f/p - iguana
Aim: an iguana (lightly wounded, ally target, 100% to hit)
The magic dart hits the iguana but does no damage.
The iguana is lightly wounded.
The iguana bites you!
Ouch! That really hurt!
* * * LOW HITPOINT WARNING * * *
The iguana attacks as you move away! The iguana bites you!
Ouch! That really hurt!
You die...

..# #.# #.#
#.######
#......####
##.#.......### #
#..#.##.Rl...#
##
#....##.@#.#.# .
##.####..#.#
#.####..#..
#####.......##..
#.....#####.#
..# .####.....#
#.. ..#
#.........# ###
### # ####.....#
# #.....#


You could see the friendly Thabo the ancestor and an iguana.

Vanquished Creatures
  An adder (D:2)
  2 worms (D:2)
  A dart slug (D:1)
  An orc (D:3)
  2 bats (D:2)
  6 endoplasms
  A giant cockroach (D:1)
  3 goblins
  4 hobgoblins (D:1)
  6 jackals (D:1)
  2 quokkas
  5 ball pythons
  A frilled lizard (D:2)
  7 kobolds
  2 rats (D:1)
  A spectral hobgoblin (D:1)
45 creatures vanquished.

Notes
Turn   | Place    | Note
-------+----------+-------------------------------------------
     0 | D:1      | KreenWarrior the Deep Elf Conjurer began the quest for the
                  | Orb.
     0 | D:1      | Reached XP level 1. HP: 10/10 MP: 6/6
    23 | D:1      | You fall into a shaft and drop 1 floor!
   572 | D:2      | Reached XP level 2. HP: 15/15 MP: 4/8
   645 | D:2      | Found a hazy altar of Hepliaklqana.
   658 | D:2      | Became a worshipper of Hepliaklqana the Forgotten
   798 | D:2      | Identified the +1 ring mail "Huephuno" {rF- rCorr Str+6}
   996 | D:2      | Reached skill level 5 in Conjurations
  1729 | D:1      | Reached XP level 3. HP: 19/19 MP: 7/9
  1890 | D:1      | Learned a level 3 spell: Summon Guardian Golem
  1942 | D:1      | Found a faded altar of an unknown god.
  1977 | D:1      | Reached * piety under Hepliaklqana
  3095 | D:3      | Reached XP level 4. HP: 21/21 MP: 8/11
  3163 | D:3      | Learned a level 4 spell: Iskenderun's Mystic Blast
  3170 | D:3      | Mangled by an iguana

Illustrated notes

Levels and vault maps discovered:
D:1:      dpeg_arrival_fog, layout_basic,
          dreamdust_ecumenical_altar_drowned_temple
D:2:      layout_basic, basic_altar
D:3:      layout_loops_cross, nicolae_overflow_hidden_temple,
          mainiacjoe_overflow_catch_the_wave, kennysheep_crisscross

Skill      XL: |  1  2 |
---------------+-------+-----
Conjurations   | 5 |  5.3
Fighting       | |  0.1
Short Blades   | |  0.7
Dodging        | |  2.5
Stealth        | |  2.7
Spellcasting   | |  3.9
Summonings     | |  0.5

Action                   |  1- 3 |  4- 6 || total
-------------------------+-------+-------++-------
Melee: Short sword       |     2 |       ||     2
 Cast: Magic Dart        |   112 |     5 ||   117
       Iskenderun's Myst |       |     1 ||     1
  Use: Scroll            |     1 |       ||     1
Armor: Robe              |     1 |     1 ||     2
Dodge: Dodged            |     9 |     1 ||    10
